 Dungeon Crawl Stone Soup version 0.31-a0-977-gc230f8ef24 (webtiles) character file.

Game seed: 14705663444315448549

1301 sammy202020 the Ruffian (level 8, -1/79 HPs)
             Began as a Troll Shapeshifter on Oct 30, 2023.
             Slain by a quokka (5 damage)
             ... on level 5 of the Dungeon.
             The game lasted 00:07:14 (3932 turns).

sammy202020 the Ruffian (Troll Shapeshifter)        Turns: 3932, Time: 00:07:15

Health: -1/79      AC:  0    Str: 23    XL:     8   Next: 31%
Magic:  7/7        EV: 10    Int:  8    God:
Gold:   250        SH:  0    Dex:  9    Spells: 7/7 levels left

rFire   . .          .
                       - Unarmed
rCold   . . .        (no shield)
rNeg    . . .        a - +0 animal skin
rPois   .            (helmet currently unavailable)
rElec   .            (cloak currently unavailable)
rCorr   .            (gloves unavailable)
SInv    .            (boots unavailable)
Will    .....        (no amulet)
Stlth   +            (no ring)
HPRegen 1.13/turn    (no ring)
MPRegen 0.10/turn

%: no passive effects
@: lethally poisoned (-1 -> -1), beast-form, corroded
A: beast (slay +2), large, unfitting armour, claws 3, regeneration 1, shaggy fur
1, tough skin 1, mutation resistance 1, inability to drink after injury 1
a: Begin Untransformation


You were on level 5 of the Dungeon.
You were a hulking beast.
You visited 1 branch of the dungeon, and saw 5 of its levels.

You collected 250 gold pieces.

Inventory:

Hand Weapons
 o - a +2 quarterstaff of chaos
Armour
 a - a +0 animal skin (worn)
 n - a +0 cloak
Talismans
 c - a beast talisman (active)
 d - a flux talisman
Scrolls
 e - 3 scrolls of identify
 h - a scroll of teleportation
 j - a scroll of vulnerability
Potions
 b - a potion of lignification
 f - 5 potions of haste
 i - a potion of curing
 l - a potion of attraction {unknown}
 m - 2 potions of invisibility {unknown}
Miscellaneous
 k - a lightning rod (4/4)


   Skills:
 * Level 4.4 Fighting
 + Level 0.3 Staves
 * Level 4.6 Dodging
 * Level 6.1 Unarmed Combat
 + Level 4.6 Shapeshifting


You had 7 spell levels left.
You didn't know any spells.
Your spell library contained the following spells:

 Spells                   Type           Power      Damage    Failure   Level
 Sublimation of Blood     Necr           0%         N/A       54%         2
 Stone Arrow              Conj/Erth      0%         3d7       78%         3
 Animate Armour           Summ/Erth      0%         N/A       99%         4
 Olgreb's Toxic Radiance  Pois           0%         N/A       99%         4
 Petrify                  Tmut/Erth      0%         N/A       99%         4
 Irradiate                Conj/Tmut      0%         3d11      100%        5
 Discord                  Hex            0%         N/A       100%        8
 Ignition                 Fire           0%         3d3       100%        8
 Lehudib's Crystal Spear  Conj/Erth      0%         10d2      100%        8


Dungeon Overview and Level Annotations

Branches:
Dungeon (5/15)
 Temple: D:4-7

Altars:
Cheibriados
Dithmenos
Nemelex Xobeh
Okawaru
Ru
Vehumet
Xom
Yredelemnul
The Shining One

Shops:
D:3 (


Innate Abilities, Weirdness & Mutations

You are a hulking beast.
Your limbs bulge with bestial killing power. (Slay +2)
You are too large for most types of armour.
You have claws for hands.
Your natural rate of healing is unusually fast.
You are covered in fur. (AC +1)
You have tough skin. (AC +1)
You are somewhat resistant to further mutation.
You occasionally lose the ability to drink potions when taking damage.


Message History

Edmund is heavily wounded.
You feel sick. The quokka bites you.
Edmund hits you with a +1 flail of venom.
The jelly hits you but does no damage. The quokka closely misses you.
You closely miss Edmund.
Edmund is heavily wounded.
You feel sick. The quokka bites you.
Edmund hits you with a +1 flail of venom.
You are more poisoned.
The jelly hits you but does no damage. The quokka barely misses you.
The quokka bites you but does no damage.
Okay, then.
You claw Edmund! You claw Edmund.
Edmund is almost dead.
You feel very sick. Edmund closely misses you. The jelly closely misses you.
The quokka closely misses you. The quokka bites you.
You scratch Edmund.
Edmund is almost dead.
You feel very sick. The quokka bites you. The jelly closely misses you.
Edmund hits you with a +1 flail of venom.
You are more poisoned.
The quokka barely misses you.
You scratch Edmund.
You kill Edmund!
You feel very sick. The quokka bites you. The quokka barely misses you.
The jelly hits you. The acid corrodes you!
You are splashed with acid!
* * * LOW HITPOINT WARNING * * *
Your Unarmed Combat skill increases to level 6!
You feel very sick.
You feel very sick.
You feel sick. The quokka barely misses you.
You feel sick. The quokka bites you.
* * * LOW HITPOINT WARNING * * *
You feel sick. The quokka bites you.
* * * LOW HITPOINT WARNING * * *
You feel sick. The quokka attacks as it pursues you! The quokka bites you.
You die...

#. #.....# #...#)P♣♣ ##..
#.....# #.####♣♣ .....+.....#
#.# #...#.....# #.# .........#
##.######## ...##.)....#
#.......#.# ...........#
#.#######.#
..#..#....J#########.#######.#
..<.......r.rh................
....#....###########.#######..
......#..# #.#########
#.#####..### #.#........ .
...... ###.#.####### ######.
#...#.# ##### .######.###.#
..... ..#...#.....# .....
#.#.#.#############


You could see a jelly and 2 quokkas.

Vanquished Creatures
  A human (D:5)
  The ghost of Fodor the Chopper, an amateur MiFi of Gozag (D:4)
  Edmund (D:5)
  A water moccasin (D:4)
  2 ogres
  A phantom (D:4)
  2 scorpions
  An orc priest (D:4)
  Crazy Yiuf (D:5)
  3 iguanas
  Terence (D:3)
  An orc wizard (D:3)
  9 gnolls
  9 adders
  A white imp (D:4)
  2 worms
  4 dart slugs
  9 orcs
  7 ball pythons
  8 endoplasms
  4 giant cockroaches
  8 goblins
  6 hobgoblins
  3 jackals (D:2)
  4 quokkas
  4 bats
  3 frilled lizards (D:2)
  9 kobolds
  2 rats
108 creatures vanquished.

Vanquished Creatures (others)
  An orc (D:4)
1 creature vanquished.

Grand Total: 109 creatures vanquished

Notes
Turn   | Place    | Note
-------+----------+-------------------------------------------
     0 | D:1      | sammy202020 the Troll Shapeshifter began the quest for the
                  | Orb.
     0 | D:1      | Reached XP level 1. HP: 18/18 MP: 0/0
   107 | D:1      | Found a faded altar of an unknown god.
   149 | D:1      | Reached skill level 1 in Fighting
   155 | D:1      | Reached XP level 2. HP: 27/27 MP: 1/1
   671 | D:1      | Gained mutation: You occasionally lose the ability to drink
                  | potions when taking damage. [potion of mutation]
   671 | D:1      | Gained mutation: You are somewhat resistant to further
                  | mutation. [potion of mutation]
   864 | D:2      | Reached XP level 3. HP: 33/33 MP: 2/2
   881 | D:2      | Found a sparkling altar of Nemelex Xobeh.
  1271 | D:2      | Reached XP level 4. HP: 37/42 MP: 3/3
  1497 | D:3      | Found Totham's Weapon Shop.
  1499 | D:3      | Noticed Terence
  1506 | D:3      | Killed Terence
  1541 | D:3      | Found a snail-covered altar of Cheibriados.
  1594 | D:3      | Found a radiant altar of Vehumet.
  1598 | D:3      | Reached XP level 5. HP: 49/49 MP: 4/4
  1836 | D:3      | Found a sacrificial altar of Ru.
  1846 | D:3      | Reached skill level 4 in Unarmed Combat
  1857 | D:3      | Noticed an ogre
  1862 | D:3      | Killed an ogre
  1901 | D:3      | Found a shadowy altar of Dithmenos.
  2107 | D:4      | Found a shimmering altar of Xom.
  2111 | D:4      | Reached XP level 6. HP: 59/59 MP: 5/5
  2261 | D:4      | Found a transporter.
  2264 | D:4      | Noticed Fodor's ghost (amateur MiFi)
  2550 | D:4      | Found a transporter.
  2568 | D:4      | Reached XP level 7. HP: 50/67 MP: 6/6
  2607 | D:4      | Reached skill level 5 in Unarmed Combat
  3289 | D:4      | Killed Fodor's ghost
  3338 | D:5      | Entered Level 5 of the Dungeon
  3405 | D:5      | Found a glowing golden altar of the Shining One.
  3431 | D:5      | Reached XP level 8. HP: 67/78 MP: 7/7
  3462 | D:5      | Found an iron altar of Okawaru.
  3521 | D:5      | Found a runed translucent door.
  3525 | D:5      | Found a basalt altar of Yredelemnul.
  3870 | D:5      | Found a runed translucent door.
  3871 | D:5      | Noticed Crazy Yiuf
  3878 | D:5      | Killed Crazy Yiuf
  3914 | D:5      | Noticed Edmund
  3926 | D:5      | Killed Edmund
  3927 | D:5      | Reached skill level 6 in Unarmed Combat
  3932 | D:5      | Slain by a quokka

Illustrated notes

Levels and vault maps discovered:
D:1:      nzn_arrival_settlement, layout_loops_ring,
          dreamdust_ecumenical_altar_grove, minmay_circled_x
D:2:      layout_loops_ring, basic_altar
D:3:      layout_basic, nicolae_ru_great_annihilating_truth,
          grunt_dithmenos_smoke, kennysheep_slug_shrine,
          nicolae_vehumet_altar_sigil, serial_shops, nicolae_shop_trees,
          dreamdust_princess_bridge, wad_floor_pattern_untrapped, uniq_terence
D:4:      minmay_clustersquares, layout_basic, xom_confusion_cloud,
          gammafunk_ghost_arena
D:5:      layout_basic, mainiacjoe_overflow_brackets, general_overflow_altar,
          dk_yredelemnul_ordeal, mainiacjoe_overflow_catwalk, bloody_makhleb,
          gammafunk_ghost_split, uniq_edmund, uniq_crazy_yiuf_cottage

Skill      XL: |  1  2  3  4  5  6  7  8 |
---------------+-------------------------+-----
Fighting       | 1 2 3 4 |  4.4
Dodging        | 2 3 4 |  4.6
Unarmed Combat | 4 5 6 |  6.1
Shapeshifting  | 4 |  4.6
Staves         | |  0.3

Action                     |  1- 3 |  4- 6 |  7- 9 || total
---------------------------+-------+-------+-------++-------
  Melee: Unarmed           |    71 |   116 |   103 ||   290
         Punch             |     2 |     2 |     8 ||    12
Ability: Begin Untransform |     1 |       |       ||     1
    Use: Scroll            |     5 |     3 |     1 ||     9
         Potion            |     1 |       |       ||     1
   Stab: Paralysed         |       |     2 |       ||     2
         Sleeping          |       |     1 |       ||     1
 Armour: Animal skin       |    24 |    67 |    60 ||   151
  Dodge: Dodged            |    35 |    41 |    46 ||   122
   Form: Beast             |     1 |       |       ||     1

Table legend: (Time is in decaauts)
 A = Elapsed time spent in this place.
 B = Non-inter-level travel time spent in this place.
 C = Inter-level travel time spent in this place.
 D = Time resting spent in this place.
 E = Time spent auto-exploring this place.
 F = Levels seen in this place.
 G = Mean time per level.
                   A        B        C        D        E       F      G
               +--------+--------+--------+--------+--------+-----+--------+
         Total |   3905 |   3852 |     53 |    465 |   2474 |   5 |  781.0 |
       Dungeon |   3905 |   3852 |     53 |    465 |   2474 |   5 |  781.0 |
               +--------+--------+--------+--------+--------+-----+--------+

Top non-repeatable levels by time:
     D:4: 1256 daAuts
     D:1: 750 daAuts
     D:2: 741 daAuts
     D:5: 586 daAuts
     D:3: 570 daAuts
